 Dungeon Crawl Stone Soup version 0.31-a0-263-ge8cad7f256 (webtiles) character file.

Game seed: 12901478556539011159

9 qw the Shooter (level 2, 0/16 HPs)
             Began as a Gargoyle Hexslinger on July 13, 2023.
             Slain by Terence
             ... wielding a +0 hand axe
              (3 damage)
             ... on level 2 of the Dungeon.
             The game lasted 00:00:15 (677 turns).

qw the Shooter (Gargoyle Hexslinger)                 Turns: 677, Time: 00:00:15

Health: 0/16       AC:  6    Str: 11    XL:     2   Next: 16%
Magic:  3/3        EV: 11    Int: 13    God:
Gold:   58         SH:  0    Dex: 12    Spells: 2/3 levels left

rFire   . . .        Y - +1 sling
rCold   . . .        (no shield)
rNeg    + + .        k - +0 leather armour
rPois   inf          (no helmet)
rElec   +            (no cloak)
rCorr   .            (no gloves)
SInv    .            j - +0 pair of boots
Will    .....        (no amulet)
Stlth   +            d - ring of positive energy
HPRegen 0.22/turn    (no ring)
MPRegen 0.08/turn

%: no passive effects
@: no status effects
A: sickness immunity, AC +2, negative energy resistance 1, electricity
resistance, torment resistance 1, petrification resistance
a: no special abilities


You were on level 2 of the Dungeon.
You visited 1 branch of the dungeon, and saw 2 of its levels.

You collected 58 gold pieces.


Innate Abilities, Weirdness & Mutations

You are immune to sickness and miasma.
Your stone body is resilient. (AC +2)
You are immune to poison.
You resist negative energy. (rN+)
You are resistant to electric shocks. (rElec)
You are resistant to unholy torment.
You are immune to petrification.


   Skills:
 - Level 1.1 Fighting
 + Level 2.8 Ranged Weapons
 - Level 1.5 Dodging
 - Level 1.0 Spellcasting
 - Level 2.6 Hexes


You had 2 spell levels left.
You knew the following spells:

 Your Spells              Type           Power      Damage    Failure   Level
a - Slow                  Hex            28%        N/A       12%         1

Your spell library contained the following spells:

 Spells                   Type           Power      Damage    Failure   Level
 Inner Flame              Hex/Fire       4%         N/A       54%         3
 Portal Projectile        Hex/Tloc       8%         N/A       54%         3
 Cause Fear               Hex            3%         N/A       77%         4

Inventory:

Hand Weapons
 Y - a +1 sling (weapon)
Armour
 j - a +0 pair of boots (worn)
 k - a +0 leather armour (worn)
Jewellery
 d - a ring of positive energy (left hand)

Dungeon Overview and Level Annotations

Branches:
Dungeon (2/15)

Altars:

Annotations:
D:2 Terence


Message History

You shoot a sling bullet.
The sling bullet closely misses Terence.
You shoot a sling bullet.
The sling bullet hits Terence but does no damage.
An endoplasm comes into view.
You shoot a sling bullet.
The sling bullet closely misses Terence.
The endoplasm quivers.
The endoplasm barely misses you.
Terence screams, "I'm going to kill you!"
Terence hits you but does no damage.
You shoot a sling bullet.
The sling bullet closely misses Terence.
Terence hits you with a +0 hand axe! The endoplasm misses you.
Terence closely misses you.
The endoplasm hits you but does no damage.
You shoot a sling bullet.
The sling bullet hits Terence but does no damage.
The endoplasm hits you but does no damage.
Terence hits you but does no damage.
You shoot a sling bullet. The sling bullet barely misses Terence.
The endoplasm hits you but does no damage.
Terence closely misses you.
You shoot a sling bullet. The sling bullet hits Terence.
Terence is moderately wounded.
The endoplasm freezes you.
You are frozen.
Terence barely misses you. Terence closely misses you.
The endoplasm hits you but does no damage.
You shoot a sling bullet. The sling bullet hits Terence.
Terence is heavily wounded.
The endoplasm hits you but does no damage.
Terence closely misses you.
You shoot a sling bullet. The sling bullet hits Terence.
Terence is heavily wounded.
The endoplasm misses you. Terence hits you with a +0 hand axe.
The endoplasm freezes you.
You are frozen.
Terence barely misses you.
You shoot a sling bullet. The sling bullet barely misses Terence.
Terence hits you with a +0 hand axe.
You die...

### ... #.# # #.# .#
#.#.# ..
#.#.#########.# #
#...J.........#
#.#####@## #[.#
.....J@#.## #..#
..)...###.# #.>#
#####..#.## ##<.#
#.#.## #...#
.#####.#.# #.#.#
.........# #.#.#
.#####.#.#######.#.#
#.#...........#


You could see Terence and 2 endoplasms.

Vanquished Creatures
  3 bats (D:1)
  4 goblins
  A kobold (D:1)
  A rat (D:1)
9 creatures vanquished.

Notes
Turn   | Place    | Note
-------+----------+-------------------------------------------
     0 | D:1      | qw the Gargoyle Hexslinger began the quest for the Orb.
     0 | D:1      | Reached XP level 1. HP: 12/12 MP: 2/2
     0 | D:1      | 0 ||| qw: Version: 0.3-a-52-g30416fa
     0 | D:1      | 0 ||| qw: Game counter: 7432
     0 | D:1      | 0 ||| qw: Melee chars always use a shield: true
     0 | D:1      | 0 ||| qw: God list: Okawaru
     0 | D:1      | 0 ||| qw: Allow faded altars: false
     0 | D:1      | 0 ||| qw: Do Orc after clearing Dungeon:15 true
     0 | D:1      | 0 ||| qw: Do second Lair branch before Depths: true
     0 | D:1      | 0 ||| qw: Lair rune preference: random
     0 | D:1      | 0 ||| qw: Goals: Normal
     0 | D:1      | 0 ||| PLANNING D:1-11
   361 | D:1      | Reached XP level 2. HP: 16/16 MP: 3/3
   368 | D:1      | Identified the +4 dagger "Rocaicke" {antimagic, Dex+3}
   574 | D:1      | 574 ||| UPGRADING to +0 pair of boots.
   579 | D:1      | 579 ||| UPGRADING to +0 leather armour.
   589 | D:1      | 589 ||| DROPPING +0 robe.
   590 | D:1      | 590 ||| UPGRADING to ring of positive energy.
   591 | D:1      | 591 ||| READING scroll labelled LEWEEKU AGYR.
   592 | D:1      | 592 ||| READING scroll labelled XIEDAA LASAQAROV.
   593 | D:1      | 593 ||| READING scroll labelled UQIN QOYLUO.
   594 | D:1      | 594 ||| READING scroll labelled FIWNIH CI IRU.
   599 | D:1      | 599 ||| READING scroll labelled HULICR FAUNIOCO.
   600 | D:1      | 600 ||| READING scroll labelled MAGYULARYOZE.
   601 | D:1      | 601 ||| DROPPING scroll of poison.
   666 | D:2      | Noticed Terence
   676 | D:2      | HP: 3/16 [frozen (2)]
   677 | D:2      | Slain by Terence

Levels and vault maps discovered:
D:1:      lightli_arrival_boilingwater, layout_loops_cross, dk_noncrumbling_4
D:2:      layout_loops_ring, uniq_natasha, uniq_terence

Action                     || total
---------------------------++-------
   Fire: Sling             ||    49
    Use: Scroll            ||     6
 Armour: Robe              ||    10
         Leather armour    ||     7
  Dodge: Dodged            ||    22

Table legend:
 A = Non-vault XP
 B = Vault XP
 C = Vault XP percentage of total XP
 D = Non-vault monster count
 E = Vault monster count
 F = Vault count percentage of total count
                 A         B        C        D         E       F
            +---------+---------+-------+---------+---------+-------
      Total |      14 |       0 |   0.0 |       9 |       0 |   0.0
            +---------+---------+-------+---------+---------+-------
        D:1 |      12 |       0 |   0.0 |       8 |       0 |   0.0
        D:2 |       2 |       0 |   0.0 |       1 |       0 |   0.0
            +---------+---------+-------+---------+---------+-------
